 Dungeon Crawl Stone Soup version 0.19.0-1-g5985abe (webtiles) character file.

107 tyranidshit the Skirmisher (level 4, -2/39 HPs)
             Began as a Demonspawn Abyssal Knight on Nov 2, 2016.
             Was a Believer of Lugonu.
             Slain by an orc wizard
             ... wielding a +2 dagger of electrocution
              (11 damage)
             ... on level 3 of the Dungeon.
             The game lasted 00:04:09 (1639 turns).

tyranidshit the Skirmisher (DsAK)                   Turns: 1639, Time: 00:04:10

Health: -2/39      AC:  5    Str: 15 (18) XL:     4   Next: 56%
Magic:  0/5        EV: 10    Int: 12 (13) God:    Lugonu [**....]
Gold:   95         SH:  0    Dex: 11 (12) Spells: 0 memorised, 3 levels left

rFire  . . .     SeeInvis .     f - +2 short sword (vamp)
rCold  . . .     Gourm    .     h - +0 ring mail
rNeg   . . .     Faith    .     (no shield)
rPois  .         Spirit   +     (helmet restricted)
rElec  .         Reflect  .     (no cloak)
rCorr  .         Harm     .     (no gloves)
MR     .....     Rnd*Tele +     (no boots)
Stlth  +.........               (no amulet)
                                l - ring of teleportation (curse)
                                d - +4 ring of strength

@: no status effects
A: horns 1, magic shield
a: Depart the Abyss, Bend Space, Renounce Religion


You were on level 3 of the Dungeon.
You worshipped Lugonu.
Lugonu was pleased with you.
You were not hungry.

You visited 1 branch of the dungeon, and saw 3 of its levels.
You visited the Abyss 1 time.

You collected 95 gold pieces.

Inventory:

Hand Weapons
 a - a +1 hand axe
 f - a +2 vampiric short sword (weapon)
Missiles
 e - 7 tomahawks of dispersal (quivered)
Armour
 b - a +1 leather armour
 h - a +0 ring mail (worn)
Jewellery
 d - a +4 ring of strength (left hand)
 l - a cursed ring of teleportation (right hand)
Scrolls
 c - 3 scrolls of identify
Potions
 g - a potion of might
Comestibles
 i - a bread ration
 j - a beef jerky


   Skills:
 + Level 5.4 Fighting
 - Level 1.7 Axes
 - Level 1.7 Armour
 - Level 0.8 Dodging
 - Level 2.4 Invocations


You had 3 spell levels left.
You didn't know any spells.

Dungeon Overview and Level Annotations

Branches:
Dungeon (3/15)

Altars:
Ashenzari


Innate Abilities, Weirdness & Mutations

You have a pair of small horns on your head.
When hurt, damage is shared between your health and your magic reserves.


Message History

Your headbutt misses the orc wizard.
The orc wizard is heavily wounded.
The orc wizard gestures at you while chanting.
The magic dart hits you!
You hit the orc wizard but do no damage.
You headbutt the orc wizard, but do no damage.
The orc wizard is heavily wounded.
The orc wizard hits you but does no damage.
The orc wizard hits you with a dagger of electrocution.
You are electrocuted!
* * * LOW HITPOINT WARNING * * *
You barely miss the orc wizard.
You headbutt the orc wizard, but do no damage.
The orc wizard is heavily wounded.
The orc wizard hits you but does no damage.
You barely miss the orc wizard.
The orc wizard is heavily wounded.
The orc wizard hits you but does no damage.
You are electrocuted!
You die...

#.# #.# #.# #.#
#.# #.# #.#
###############.#
#.oo@........(..#
#<###############


You could see an orc wizard and an orc.

Vanquished Creatures
  3 adders
  An ooze (D:1)
  2 worms (D:2)
  2 dart slugs (D:1)
  2 leopard geckos
  6 orcs (D:3)
  A giant cockroach (D:2)
  6 goblins
  8 hobgoblins
  5 jackals
  5 kobolds
  9 bats
  3 rats
53 creatures vanquished.

Vanquished Creatures (others)
  A lurking horror (Abyss:2)
1 creature vanquished.

Grand Total: 54 creatures vanquished

Notes
Turn   | Place    | Note
-------+----------+-------------------------------------------
     0 | Abyss:1  | tyranidshit the Demonspawn Abyssal Knight began the quest for the Orb.
     0 | Abyss:1  | Reached XP level 1. HP: 18/18 MP: 2/2
    53 | Abyss:1  | Noticed a golden eye
    57 | Abyss:2  | Found a corrupted altar of Lugonu.
   125 | Abyss:2  | Noticed a smoke demon
   126 | D:1      | Escaped the Abyss
   274 | D:1      | Gained mutation: When hurt, damage is shared between your health and your magic reserves. [demonic ancestry]
   274 | D:1      | Reached XP level 2. HP: 7/24 MP: 3/3
   400 | D:1      | Reached skill level 4 in Fighting
   470 | D:1      | Reached * piety under Lugonu
   573 | D:1      | Gained mutation: You have a pair of small horns on your head. [demonic ancestry]
   573 | D:1      | Reached XP level 3. HP: 29/30 MP: 2/4
   859 | D:2      | Found a shattered altar of Ashenzari.
  1058 | D:2      | Reached XP level 4. HP: 30/38 MP: 5/5
  1251 | D:2      | Reached skill level 5 in Fighting
  1410 | D:3      | Reached ** piety under Lugonu
  1639 | D:3      | Slain by an orc wizard

Skill      XL: |  1  2  3  4 |
---------------+-------------+-----
Fighting       | 4 5 |  5.4
Axes           | |  1.7
Armour         | |  1.7
Dodging        | |  0.8
Invocations    | |  2.4

Action                   |  1- 3 |  4- 6 || total
-------------------------+-------+-------++-------
Melee: Short sword       |   125 |    59 ||   184
       Headbutt          |    14 |    11 ||    25
Invok: Depart the Abyss  |     1 |       ||     1
  Use: Scroll            |     5 |     1 ||     6
       Potion            |     1 |     3 ||     4
  Eat: Bread ration      |     1 |     1 ||     2
Armor: Leather armour    |    37 |       ||    37
       Ring mail         |    18 |    20 ||    38
Dodge: Dodged            |    81 |    33 ||   114
